 Dungeon Crawl Stone Soup version 0.14-a0-2723-gdc5d926 (webtiles) character file.

208 Lektor the Vexing (level 3, -5/24 HPs)
             Began as a Vampire Enchanter on Feb 19, 2014.
             Slain by a gnoll
             ... wielding a +0,+1 flail of holy wrath
              (9 damage)
             ... on Level 3 of the Dungeon.
             The game lasted 00:07:33 (1958 turns).

Lektor the Vexing (Vampire Enchanter)               Turns: 1958, Time: 00:07:33

HP  -5/24        AC  4     Str  7      XL: 3   Next: 42%
MP   0/6         EV 12     Int 18      God:
Gold 163         SH  0     Dex 14      Spells:  2 memorised,  3 levels left

rFire  . . .     SeeInvis +     a - +1 dagger
rCold  + . .     Clarity  .     b - +1 robe
rNeg   + + .     Conserve .     (no shield)
rPois  +         rCorr    .     (no helmet)
rElec  .         rRot     +     (no cloak)
SustAb . .       Spirit   .     (no gloves)
rMut   +         Warding  .     g - +0 pair of boots
Saprov . . .     Stasis   .     p - amulet of resist mutation
MR     .....                    (no ring)
                                (no ring)

@: regenerating slowly, not resistant to hostile enchantments, stealthy
A: fangs 3, see invisible, unbreathing
a: Bat Form


You were on level 3 of the Dungeon.
You were thirsty.

You visited 1 branch of the dungeon, and saw 3 of its levels.

You collected 163 gold pieces.

Inventory:

Hand weapons
 a - a +1,+1 dagger (weapon)
 m - a +0,+2 sling
Missiles
 d - 23 darts (quivered)
 t - 2 darts of frost
Armour
 b - a +1 robe (worn)
 g - a +0 pair of boots (worn)
 h - a +0 robe
 j - a +0 pair of boots
Scrolls
 i - a scroll of identify
 k - a scroll of fog
 o - a scroll of curse jewellery {unknown}
 s - a scroll of remove curse {unknown}
Jewellery
 p - an amulet of resist mutation (around neck)
Potions
 f - a potion of resistance {unknown}
 l - a potion of paralysis {unknown}
 n - a potion of invisibility {unknown}
 q - a potion of heal wounds {unknown}
 r - a potion of confusion {unknown}
 u - a potion of curing {unknown}
Books
 c - a book of Maledictions

   Spells                             Type                      Level
   *Corona                            Hexes                        1
   Sure Blade                         Hexes/Charms                 2
   *Ensorcelled Hibernation           Hexes/Ice                    2
   Confuse                            Hexes                        3
   Enslavement                        Hexes                        4
   Invisibility                       Hexes                        6


   Skills:
 + Level 2.1 Short Blades
 - Level 0.7 Throwing
 - Level 2.2 Dodging
 + Level 3.8 Stealth
 - Level 2.0 Spellcasting
 + Level 5.1 Hexes
 + Level 0.8 Ice Magic


You had 3 spell levels left.
You knew the following spells:

 Your Spells              Type           Power        Failure   Level  Hunger
a - Corona                Hex            ###....      1%          1    #......
b - Ensorcelled Hibernat  Hex/Ice        ##....       10%         2    ##.....


Dungeon Overview and Level Annotations

Branches:
Dungeon (3/16)

Altars:


Innate Abilities, Weirdness & Mutations

You heal slowly.
You have razor-sharp teeth.*
You have supernaturally acute eyesight.
You can survive without breathing.*


Message History

The gnoll barely resists.
The gnoll hits you with a glowing flail!
You convulse!
* * * LOW HITPOINT WARNING * * *
Read which item? (? for menu, Esc to quit)
As you read the scroll labeled VANNOEV AJIE, it crumbles to dust.
Use on which item? (\ to view known items) (? for menu, Esc to quit)
p - an amulet of resist mutation (around neck) It was a scroll of identify.
The gnoll barely misses you.
Use which ability? (? or * to list)
You haven't enough magic at the moment.
Read which item? (? for menu, Esc to quit)
As you read the scroll labeled MUCOHE SCHOEMN, it crumbles to dust.
The scroll dissolves into smoke.
It was a scroll of fog.
The gnoll barely misses you.
Drink which item? (? for menu, Esc to quit)
Yummy - fresh blood!
You are feeling thirsty.
The gnoll hits you with a flail of holy wrath!
You die...

######+####
#....%....#
#......§.§#
#...%..§§§#
#.......§@#
#.......g§+
#........§#
+.........#
#....((...#
######'####
##.# ##..#
#..##


You could see a gnoll.

Vanquished Creatures
  2 adders (D:2)
  A worm (D:2)
  An orc (D:3)
  4 bats
  3 goblins
  5 hobgoblins
  A giant gecko (D:2)
  A giant newt (D:2)
  2 kobolds (D:2)
  4 rats
24 creatures vanquished.

Notes
Turn   | Place    | Note
--------------------------------------------------------------
     0 | D:1      | Lektor, the Vampire Enchanter, began the quest for the Orb.
     0 | D:1      | Reached XP level 1. HP: 13/13 MP: 3/3
   568 | D:2      | Reached XP level 2. HP: 11/19 MP: 2/4
   575 | D:2      | Learned a level 2 spell: Ensorcelled Hibernation
  1037 | D:2      | Reached skill level 5 in Hexes
  1037 | D:2      | Reached XP level 3. HP: 3/24 MP: 1/6
  1958 | D:3      | Slain by a gnoll

Action                   || total
-------------------------++-------
Melee: Dagger            ||    77
Throw: Dart              ||     2
 Cast: Corona            ||     7
       Ensorcelled Hiber ||    10
  Use: Scroll            ||     2
       Potion            ||     1
 Stab: Sleeping          ||     7
